 Dungeon Crawl Stone Soup version 0.28.0-45-g0d030f2227 (webtiles) character file.

Game seed: 1962847490422156336

40 zeratav the Insei (level 3, -2/23 HPs)
             Began as an Octopode Transmuter on Apr 5, 2022.
             Slain by a jackal (3 damage)
             ... on level 2 of the Dungeon.
             The game lasted 00:02:30 (1707 turns).

zeratav the Insei (Octopode Transmuter)             Turns: 1707, Time: 00:02:31

Health: -2/23      AC:  1    Str: 11    XL:     3   Next: 50%
Magic:  6/6        EV: 13    Int: 15    God:
Gold:   33         SH:  0    Dex: 12    Spells: 5/6 levels left

rFire   . . .      SeeInvis .   c - +3 whip
rCold   . . .      Faith    .   (no shield)
rNeg    . . .      Spirit   .   (helmet currently unavailable)
rPois   .          Reflect  .   (no amulet)
rElec   .          Harm     .   b - ring of willpower
rCorr   .          Rampage  .   (no ring)
Will    +....                   (no ring)
Stlth   ++........              (no ring)
HPRegen 0.07/turn               (no ring)
MPRegen 0.10/turn               (no ring)
                                (no ring)
                                (no ring)

@: appendages (expiring)
A: tentacle spike 3, almost no armour, amphibious, 8 rings, camouflage 1,
gelatinous body 1, (nimble swimmer 1), tentacles
a: End Transformation


You were on level 2 of the Dungeon.
One of your tentacles had grown a beastly spike.
You visited 1 branch of the dungeon, and saw 2 of its levels.

You collected 33 gold pieces.

Inventory:

Hand Weapons
 c - a +3 whip (weapon)
Jewellery
 b - a ring of willpower (left tentacle)
Scrolls
 a - a scroll of identify {unknown}
 e - a scroll of fog {unknown}
 g - a scroll of magic mapping {unknown}
 h - a scroll of blinking {unknown}
Potions
 d - 2 potions of haste {unknown}
 f - a potion of mutation {unknown}


   Skills:
 * Level 1.6 Fighting
 * Level 2.6 Dodging
 * Level 3.4 Unarmed Combat
 - Level 2.0 Spellcasting
 + Level 2.2 Transmutations
 + Level 0.6 Ice Magic


You had 5 spell levels left.
You knew the following spells:

 Your Spells              Type           Power      Damage    Failure   Level
a - Beastly Appendage     Tmut           16%        N/A       9%          1

Your spell library contained the following spells:

 Spells                   Type           Power      Damage    Failure   Level
 Wereblood                Tmut           8%         N/A       14%         2
 Foxfire                  Conj/Fire      4%         2x1d4     22%         1
 Summon Small Mammal      Summ           4%         N/A       22%         1
 Spider Form              Tmut/Pois      4%         N/A       38%         3
 Call Canine Familiar     Summ           1%         N/A       54%         3
 Conjure Flame            Conj/Fire      1%         6-21      54%         3
 Inner Flame              Hex/Fire       1%         N/A       54%         3
 Summon Guardian Golem    Hex/Summ       1%         N/A       54%         3
 Ice Form                 Ice/Tmut       5%         N/A       77%         4
 Flame Wave               Conj/Fire      1%         2d4       91%         4


Dungeon Overview and Level Annotations

Branches:
Dungeon (2/15)

Altars:


Innate Abilities, Weirdness & Mutations

One of your tentacles has grown a beastly spike.
You cannot wear most types of armour.
You are amphibious.
You can wear up to eight rings at the same time.
Your skin changes colour to match your surroundings (Stealth+).
Your rubbery body absorbs attacks. (AC +1, EV +1)
((You are camouflaged when in or above water. (Stealth+)))
You have tentacles for arms and can constrict up to eight enemies at once.


Message History

You are too injured to fight recklessly!
You are too injured to fight recklessly!
You are too injured to fight recklessly!
You are too injured to fight recklessly!
You are too injured to fight recklessly!
You are too injured to fight recklessly!
You are too injured to fight recklessly!
You are too injured to fight recklessly!
You are too injured to fight recklessly!
You are too injured to fight recklessly!
You are too injured to fight recklessly!
You are too injured to fight recklessly!
You are too injured to fight recklessly!
You are too injured to fight recklessly!
You are too injured to fight recklessly!
You are too injured to fight recklessly!
You are too injured to fight recklessly!
You barely miss the jackal. You squeeze the jackal.
You kill the jackal!
The jackal bites you. x2
* * * LOW HITPOINT WARNING * * *
You hit the jackal. Your grab misses the jackal.
You pierce the jackal, but do no damage.
The jackal is severely wounded.
Your transformation is almost over.
The jackal bites you.
* * * LOW HITPOINT WARNING * * *
The jackal bites you but does no damage.
The jackal bites you.
* * * LOW HITPOINT WARNING * * *
The jackal closely misses you.
You barely miss the jackal. Your grab misses the jackal.
The jackal is severely wounded.
The jackal bites you.
* * * LOW HITPOINT WARNING * * *
The jackal barely misses you.
You completely miss the jackal. Your grab misses the jackal.
The jackal is severely wounded.
The jackal bites you.
You die...

#.# ##.#..........
######..####...##.......
#..........###.#........
#..........##...........
#.......................
#..........####.........
#..........# ##...##....
#.....)h...# #..#..#####
#..?..†@†..###.###.###
#.....†h...##..# #...#
#..........##..# ###)###
###########....# #....#
#######..### #....#
#.........# #....#
#.........# #....)
#.........# #.....
########### #.....


You could see 2 jackals.

Vanquished Creatures
  A dart slug (D:1)
  An endoplasm (D:2)
  A giant cockroach (D:1)
  3 goblins
  5 hobgoblins (D:1)
  2 jackals (D:2)
  5 kobolds
  3 quokkas
  3 ball pythons
  4 bats
  3 frilled lizards
  5 rats
36 creatures vanquished.

Notes
Turn   | Place    | Note
-------+----------+-------------------------------------------
     0 | D:1      | zeratav the Octopode Transmuter began the quest for the
                  | Orb.
     0 | D:1      | Reached XP level 1. HP: 13/13 MP: 3/3
   414 | D:1      | Reached XP level 2. HP: 14/18 MP: 3/5
   926 | D:1      | Found a faded altar of an unknown god.
  1188 | D:2      | Reached XP level 3. HP: 23/23 MP: 4/6
  1706 | D:2      | HP: 1/23 [jackal (3)]
  1707 | D:2      | Slain by a jackal

Illustrated notes

Levels and vault maps discovered:
D:1:      evilmike_arrival_crescent, layout_rooms,
          ebering_ecumenical_altar_sacrificial, minivault_25, minmay_box_of_dots
D:2:      layout_rooms

Action                   || total
-------------------------++-------
Melee: Short sword       ||    19
       Constrict         ||    21
       Unarmed           ||     5
       Kick              ||    10
       Tentacles         ||     7
       Whip              ||    43
 Cast: Beastly Appendage ||    24
 Stab: Sleeping          ||     8
Armor: Skin              ||     7
Dodge: Dodged            ||    47
